[Event "6th Karoun Masters Cup 2019"]
[Site "Ahvaz"]
[Date "2019.02.21"]
[Round "1.1"]
[White "Grigoryan, Karen H."]
[Black "Gaboyan, Susanna"]
[Result "1/2-1/2"]
[ECO "D90"]
[WhiteElo "2590"]
[BlackElo "2133"]
[Annotator "ChessBase"]
[PlyCount "112"]
[EventDate "2019.02.21"]
[EventType "swiss"]
[EventRounds "9"]
[EventCountry "IRI"]
[SourceTitle "playchess.com"]
[Source "ChessBase"]
[SourceQuality "1"]
[TimeControl "5400+30"]

1. d4 Nf6 2. c4 g6 3. Nc3 d5 4. Nf3 Bg7 5. h4 c6 6. Bg5 Ne4 7. cxd5 cxd5 8. Bf4 Nc6 9. e3 Qa5 10. Qb3 Nxc3 11. bxc3 Bg4 12. Be2 O-O 13. O-O e5 14. dxe5 Nxe5 15. Bxe5 Bxe5 16. Nxe5 Bxe2 17. Rfe1 Bc4 18. Qxb7 Qxc3 19. Nd7 Rfd8 20. Rac1 Qg7 21. e4 f6 22. exd5 Qxd7 23. Qxd7 Rxd7 24. Rxc4 Rad8 25. Ra4 Kf7 26. Kh2 Rb8 27. Ra5 Rb2 28. f3 Rd2 29. Ra6 R2xd5 30. Ree6 Rf5 31. Rec6 Kg7 32. Rc4 Re5 33. Rca4 Ree7 34. h5 gxh5 35. Rf4 Re2 36. Kh3 Rdd2 37. Rxa7+ Kg6 38. Ra6 Rxg2 39. Rfxf6+ Kg7 40. Rfc6 Rxa2 41. Rc7+ Kg8 42. Rd6 Rad2 43. Rh6 Rg7 44. Rc8+ Kf7 45. Rxh5 Rdg2 46. Rc7+ Kf6 47. Rc6+ Ke7 48. Ra5 R2g3+ 49. Kh4 Rg1 50. Ra7+ Kd8 51. Rxg7 Rxg7 52. f4 Ke7 53. Kh5 Kf7 54. Rc5 Kf6 55. Kh6 Rg4 56. Rc6+ Kf5 1/2-1/2

[Event "6th Karoun Masters Cup 2019"]
[Site "Ahvaz"]
[Date "2019.02.21"]
[Round "1.2"]
[White "Azadi, Amirmohammad"]
[Black "Bernadskiy, Vitaliy"]
[Result "1/2-1/2"]
[ECO "A36"]
[WhiteElo "2109"]
[BlackElo "2570"]
[Annotator "ChessBase"]
[PlyCount "242"]
[EventDate "2019.02.21"]
[EventType "swiss"]
[EventRounds "9"]
[EventCountry "IRI"]
[SourceTitle "playchess.com"]
[Source "ChessBase"]
[SourceQuality "1"]
[TimeControl "5400+30"]

1. c4 g6 2. g3 Bg7 3. Bg2 c5 4. Nc3 Nc6 5. a3 d6 6. Nf3 e6 7. O-O Nge7 8. d3 O-O 9. Bd2 Qd7 10. Rb1 b6 11. Qc1 Rd8 12. Bh6 Bh8 13. b4 Bb7 14. Bg5 f6 15. Bd2 Rac8 16. bxc5 dxc5 17. Nb5 e5 18. a4 a5 19. Bc3 Nb4 20. Qb2 Nec6 21. Nd2 Nd4 22. Bxd4 exd4 23. Bxb7 Qxb7 24. f4 f5 25. Nf3 Rc6 26. Rf2 Re6 27. Qd2 Qe7 28. Rb2 Bf6 29. Qd1 h6 30. Qf1 Re8 31. Qh3 Qg7 32. Rd2 R8e7 33. Rg2 h5 34. Rf2 Qh6 35. Na3 Nc6 36. Rb2 Nb4 37. Rd2 Na6 38. Rb2 Rh7 39. Nh4 Rhe7 40. Nf3 Nb8 41. Nb5 Nc6 42. Na3 Nd8 43. Qf1 h4 44. Qb1 Rb7 45. Qf1 Rh7 46. Rg2 hxg3 47. hxg3 Qf8 48. Rh2 Rxh2 49. Kxh2 Nf7 50. Nb5 Qe7 51. Kg2 Nh6 52. Kf2 Re3 53. Qh1 Ng4+ 54. Kf1 Kg7 55. Na3 Qd7 56. Nb5 Re8 57. Qg1 Rh8 58. Ke1 Qe7 59. Na3 Qe3 60. Rb1 Qe6 61. Nc2 Qc6 62. Rb5 Nh6 63. Qg2 Nf7 64. Nh4 Qxg2 65. Nxg2 Rh1+ 66. Kf2 Rc1 67. Nge1 g5 68. fxg5 Bxg5 69. Rxb6 Ne5 70. Rb2 Ng4+ 71. Kg2 Bd2 72. Nf3 Bc3 73. Rb7+ Kf6 74. Na3 Ra1 75. Nb5 Ra2 76. Rb6+ Kg7 77. Rb7+ Kh6 78. Re7 Rxa4 79. Nd6 Ne3+ 80. Kh3 Ra1 81. Re6+ Kh5 82. Kh2 Rb1 83. Ne8 Ng4+ 84. Kg2 Rb7 85. Nh4 a4 86. Ng6 Bd2 87. Ne7 Bh6 88. Nd5 Ra7 89. Nef6+ Nxf6 90. Nxf6+ Kg6 91. Ng4+ Kf7 92. Rxh6 Kg7 93. Rh4 a3 94. Nh6 f4 95. Rxf4 Kxh6 96. Rf1 Re7 97. Rf6+ Kg5 98. Ra6 Rxe2+ 99. Kh3 a2 100. Ra5 Kf6 101. Kg4 Rd2 102. Kf4 Rxd3 103. Ra6+ Ke7 104. Rxa2 Rc3 105. Ra4 Rc1 106. g4 Ke6 107. Ra6+ Kd7 108. Ra4 Rf1+ 109. Ke4 Kc6 110. Ra6+ Kb7 111. Ra2 Kc6 112. Ra6+ Kc7 113. Ra2 Kd6 114. Ra6+ Ke7 115. Kd5 d3 116. Ra2 Rf8 117. Kxc5 Rd8 118. Rd2 Ke6 119. Kb4 Ke5 120. Kc3 Ke4 121. Rd1 Ke5 1/2-1/2

[Event "6th Karoun Masters Cup 2019"]
[Site "Ahvaz"]
[Date "2019.02.21"]
[Round "1.3"]
[White "Mosadeghpour, Masoud"]
[Black "Mahdian, Anousha"]
[Result "1-0"]
[ECO "B12"]
[WhiteElo "2531"]
[BlackElo "2100"]
[Annotator "RC"]
[PlyCount "51"]
[EventDate "2019.02.21"]
[EventType "swiss"]
[EventRounds "9"]
[EventCountry "IRI"]
[SourceTitle "playchess.com"]
[Source "ChessBase"]
[SourceQuality "1"]
[TimeControl "5400+30"]

1. e4 c6 2. d4 d5 3. e5 Bf5 4. h4 h5 5. Bd3 Bxd3 6. Qxd3 e6 7. Bg5 Qb6 8. Nd2 c5 9. c4 Qxb2 10. Rd1 Nc6 11. Ngf3 Nge7 12. O-O Nb4 13. Qe2 Nec6 14. cxd5 Nxd5 15. Rb1 Nc3 16. Qc4 b5 17. Rxb2 bxc4 18. Nxc4 cxd4 19. Rb7 Rc8 20. Nd6+ Bxd6 21. exd6 O-O 22. d7 Rb8 23. Rc7 Rb6 24. Nxd4 Nxd4 25. Be7 e5 26. Rc8 1-0

[Event "6th Karoun Masters Cup 2019"]
[Site "Ahvaz"]
[Date "2019.02.22"]
[Round "2.1"]
[White "Dilanyan, Grigor"]
[Black "Mosadeghpour, Masoud"]
[Result "0-1"]
[ECO "A05"]
[WhiteElo "2241"]
[BlackElo "2531"]
[Annotator "RC"]
[PlyCount "116"]
[EventDate "2019.02.21"]
[EventType "swiss"]
[EventRounds "9"]
[EventCountry "IRI"]
[SourceTitle "playchess.com"]
[Source "ChessBase"]
[SourceQuality "1"]
[TimeControl "5400+30"]

1. Nf3 Nf6 2. g3 g6 3. b3 Bg7 4. Bb2 O-O 5. Bg2 d5 6. c4 Nc6 7. d4 a5 8. Nc3 e6 9. O-O b6 10. Ne5 Bb7 11. Rc1 Rc8 12. e3 Ne7 13. Qc2 Nd7 14. cxd5 exd5 15. Rfd1 c6 16. Bh3 f5 17. f4 b5 18. Ne2 Nxe5 19. dxe5 c5 20. Nc3 Qb6 21. a4 c4 22. Nxb5 Qxe3+ 23. Qf2 Qxb3 24. Ba3 Qxa4 25. Qb6 Bc6 26. Bxe7 Qxb5 27. Qxb5 Bxb5 28. Rxd5 Rf7 29. Bd6 Rb7 30. Bg2 Bf8 31. Rd4 Rb6 32. Bd5+ Kg7 33. Be6 Bxd6 34. exd6 Rd8 35. Bxc4 Rc6 36. Rc2 Rdc8 37. d7 Rd8 38. Kf2 a4 39. Ke3 a3 40. Kd2 Bxc4 41. Rcxc4 Rxc4 42. Rxc4 Rxd7+ 43. Kc2 Re7 44. Ra4 Re3 45. Kd2 Rb3 46. Ra7+ Kh6 47. Ke2 Rb2+ 48. Kf3 a2 49. h3 Rh2 50. Ra6 Kh5 51. Ra7 Kh6 52. h4 Rb2 53. Ke3 Kh5 54. Rxh7+ Kg4 55. Ra7 Kxg3 56. Ra6 Kxh4 57. Kf3 Rb3+ 58. Kf2 Kg4 0-1

[Event "6th Karoun Masters Cup 2019"]
[Site "Ahvaz"]
[Date "2019.02.22"]
[Round "2.3"]
[White "Sedaghati, Mehrdad"]
[Black "Khodashenas, Mersad"]
[Result "1-0"]
[ECO "B12"]
[WhiteElo "2219"]
[BlackElo "2455"]
[Annotator "ChessBase"]
[PlyCount "111"]
[EventDate "2019.02.21"]
[EventType "swiss"]
[EventRounds "9"]
[EventCountry "IRI"]
[SourceTitle "playchess.com"]
[Source "ChessBase"]
[SourceQuality "1"]
[TimeControl "5400+30"]

1. e4 c6 2. d4 g6 3. Nf3 Bg7 4. c3 d5 5. Nbd2 dxe4 6. Nxe4 Nf6 7. Nxf6+ exf6 8. Bc4 O-O 9. O-O Nd7 10. Bf4 Nb6 11. Bb3 a5 12. a3 Nd5 13. Bg3 Bg4 14. h3 Be6 15. c4 Nb6 16. Qc2 Qd7 17. Rad1 Rfe8 18. Rfe1 h5 19. Qc3 Rec8 20. Rd2 g5 21. h4 g4 22. Nh2 Bh6 23. Rdd1 f5 24. Be5 Qd8 25. g3 Nd7 26. Nf1 Nxe5 27. Rxe5 Bg7 28. Ne3 Bxe5 29. dxe5 Qb6 30. Rd4 a4 31. Bc2 Qa5 32. Qd3 Qxe5 33. Ng2 Qf6 34. Qc3 c5 35. Rxg4+ Qg6 36. Rxg6+ fxg6 37. Nf4 Bf7 38. Qf6 Ra6 39. Qe7 Re8 40. Qxb7 Rd6 41. Nd5 Re1+ 42. Kg2 Kg7 43. Bxa4 Re4 44. b3 Rde6 45. Bc6 R4e5 46. a4 f4 47. Nxf4 Re7 48. Qb6 g5 49. hxg5 Rxg5 50. Bd5 Bxd5+ 51. Nxd5 Rf7 52. Qxc5 Kh7 53. Qe3 Rgf5 54. f4 Kh6 55. Qe6+ Kg7 56. a5 1-0

[Event "6th Karoun Masters Cup 2019"]
[Site "Ahvaz"]
[Date "2019.02.22"]
[Round "2.4"]
[White "Kreisl, Robert"]
[Black "Nadimifar, Adnan"]
[Result "1/2-1/2"]
[ECO "A05"]
[WhiteElo "2424"]
[BlackElo "2241"]
[Annotator "NA RC"]
[PlyCount "29"]
[EventDate "2019.02.21"]
[EventType "swiss"]
[EventRounds "9"]
[EventCountry "IRI"]
[SourceTitle "playchess.com"]
[Source "ChessBase"]
[SourceQuality "1"]
[TimeControl "5400+30"]

1. Nf3 Nf6 2. g3 g6 3. Bg2 Bg7 4. O-O O-O 5. d4 d5 6. c3 c6 7. Bf4 Qb6 8. Qb3 Bf5 9. Nbd2 Ne4 10. Nh4 Nxd2 11. Bxd2 Be6 12. Nf3 Bf5 13. Nh4 Be6 14. Nf3 Bf5 15. Nh4 1/2-1/2

[Event "6th Karoun Masters Cup 2019"]
[Site "Ahvaz"]
[Date "2019.02.22"]
[Round "2.6"]
[White "Abbasifar, Hasan"]
[Black "Danielyan, Vahe"]
[Result "1-0"]
[ECO "C54"]
[WhiteElo "2401"]
[BlackElo "2186"]
[Annotator "NA"]
[PlyCount "157"]
[EventDate "2019.02.21"]
[EventType "swiss"]
[EventRounds "9"]
[EventCountry "IRI"]
[SourceTitle "playchess.com"]
[Source "ChessBase"]
[SourceQuality "1"]
[TimeControl "5400+30"]

1. e4 e5 2. Nf3 Nc6 3. Bc4 Bc5 4. c3 Nf6 5. d3 a6 6. a4 Ba7 7. Na3 d6 8. O-O O-O 9. Nc2 Ne7 10. Be3 Ng6 11. Bxa7 Rxa7 12. Ne3 c6 13. Qb3 Nh5 14. g3 Qf6 15. Qd1 Bh3 16. Re1 Ne7 17. d4 g6 18. dxe5 dxe5 19. Be2 Be6 20. Qd6 Raa8 21. Qxe5 Rad8 22. Qxf6 Nxf6 23. e5 Nd7 24. Bc4 Nc5 25. Nd4 Bxc4 26. Nxc4 Nd5 27. a5 Rfe8 28. Rad1 Re7 29. f4 Red7 30. Kg2 Ne6 31. Nxe6 fxe6 32. Kf3 Rf8 33. h4 h6 34. Nd6 g5 35. hxg5 hxg5 36. c4 Nb4 37. Rg1 c5 38. Ne4 Rd3+ 39. Kg4 gxf4 40. gxf4 Kf7 41. Rh1 Ke7 42. Rh7+ Rf7 43. Rdh1 Nc2 44. Rxf7+ Kxf7 45. Nxc5 Rd2 46. Rh6 Nd4 47. Rh7+ Kg6 48. Rd7 Rd1 49. Kh3 Kf5 50. Rf7+ Kg6 51. Rf6+ Kh5 52. Ne4 Rh1+ 53. Kg2 Rb1 54. Kh3 Rh1+ 55. Kg2 Rb1 56. b4 Kh4 57. Nf2 Kh5 58. Nd3 Rb3 59. Nc5 Rb2+ 60. Kh3 Rxb4 61. Nxe6 Rb3+ 62. Kg2 Rb2+ 63. Kg3 Rb3+ 64. Kf2 Nc6 65. Nc5 Rb2+ 66. Kf3 Nxa5 67. e6 Nc6 68. f5 b6 69. Ne4 b5 70. cxb5 Rxb5 71. Kf4 Rb4 72. Rf7 Kh6 73. e7 Nxe7 74. Rxe7 a5 75. Re6+ Kg7 76. Kg5 a4 77. f6+ Kf7 78. Re7+ Kf8 79. Kg6 1-0

[Event "6th Karoun Masters Cup 2019"]
[Site "Ahvaz"]
[Date "2019.02.22"]
[Round "3.3"]
[White "Sedaghati, Mehrdad"]
[Black "Abbasifar, Hasan"]
[Result "0-1"]
[ECO "B06"]
[WhiteElo "2219"]
[BlackElo "2401"]
[Annotator "NA"]
[PlyCount "116"]
[EventDate "2019.02.21"]
[EventType "swiss"]
[EventRounds "9"]
[EventCountry "IRI"]
[SourceTitle "playchess.com"]
[Source "ChessBase"]
[SourceQuality "1"]
[TimeControl "5400+30"]

1. e4 d6 2. d4 g6 3. Nc3 Bg7 4. Be3 a6 5. Qd2 b5 6. f3 Nd7 7. h4 Ngf6 8. g4 h5 9. g5 Ng8 10. f4 Bb7 11. Bg2 Nb6 12. b3 e6 13. Nge2 Ne7 14. Ng3 c5 15. Nce2 Qc7 16. O-O cxd4 17. Bxd4 Bxd4+ 18. Nxd4 d5 19. e5 Rc8 20. Nge2 Nd7 21. a4 bxa4 22. Rxa4 Nc5 23. Ra2 O-O 24. Qa5 Qd7 25. Rd1 Rc7 26. Raa1 Qc8 27. Qd2 Re8 28. Qe3 Rd8 29. Ng3 Nf5 30. Ngxf5 exf5 31. Bf1 Ne4 32. Ra5 Rc3 33. Rd3 Rc7 34. Qe1 Qb8 35. Ra2 Qc8 36. Qb4 Re8 37. Re3 Nc3 38. Ra1 Ne4 39. Qb6 Rc3 40. Bd3 Qb8 41. Re2 Qc8 42. Rg2 Nc5 43. Rd2 Ne4 44. Re2 Nc5 45. Rd1 Ne4 46. Rde1 Rc5 47. Re3 Rc3 48. Bf1 Rc5 49. Qb4 Qc7 50. Ra1 Rb8 51. Qe1 Qb6 52. Kg2 Rbc8 53. Rd1 R5c7 54. Rdd3 Nc5 55. Rd2 Ne6 56. Nxe6 d4+ 57. Kg1 dxe3 58. Rd6 Rc6 0-1

[Event "6th Karoun Masters Cup 2019"]
[Site "Ahvaz"]
[Date "2019.02.22"]
[Round "3.4"]
[White "Gholami Orimi, Mahdi"]
[Black "Babaniya, Benyamin"]
[Result "1-0"]
[ECO "A81"]
[WhiteElo "2375"]
[BlackElo "2184"]
[Annotator "NA"]
[PlyCount "99"]
[EventDate "2019.02.21"]
[EventType "swiss"]
[EventRounds "9"]
[EventCountry "IRI"]
[SourceTitle "playchess.com"]
[Source "ChessBase"]
[SourceQuality "1"]
[TimeControl "5400+30"]

1. d4 f5 2. g3 Nf6 3. Bg2 e6 4. c4 c6 5. Nh3 d5 6. O-O Bd6 7. Bf4 O-O 8. Bxd6 Qxd6 9. Nf4 Nbd7 10. h4 b6 11. Nd2 Bb7 12. Qb3 Rae8 13. Rfd1 Kh8 14. Rac1 Qb8 15. Qa4 a6 16. Nf3 b5 17. cxb5 axb5 18. Qb4 e5 19. dxe5 Nxe5 20. Rc2 Nxf3+ 21. exf3 Nd7 22. Nd3 Ne5 23. Nxe5 Rxe5 24. f4 Ree8 25. Bf3 Qa7 26. b3 Ba8 27. Kg2 Qe7 28. Qc3 Qf6 29. Qc5 Qe7 30. Qb6 Qd8 31. Qa6 Qc8 32. Qa3 Qd8 33. Qc1 Qb6 34. Re1 Qd8 35. Rce2 Rxe2 36. Rxe2 Re8 37. Qc5 Rxe2 38. Bxe2 Kg8 39. Bd3 g6 40. h5 Qf8 41. Qa7 b4 42. Kg1 c5 43. Bb5 gxh5 44. Bd7 d4 45. Be6+ Kh8 46. Qc7 Qf6 47. Qc8+ Kg7 48. Qg8+ Kh6 49. Bf7 Bf3 50. Qf8+ 1-0

[Event "6th Karoun Masters Cup 2019"]
[Site "Ahvaz"]
[Date "2019.02.22"]
[Round "3.5"]
[White "Bernadskiy, Vitaliy"]
[Black "Mohammadi, Reza"]
[Result "1-0"]
[ECO "B30"]
[WhiteElo "2570"]
[BlackElo "1929"]
[Annotator "ChessBase"]
[PlyCount "83"]
[EventDate "2019.02.21"]
[EventType "swiss"]
[EventRounds "9"]
[EventCountry "IRI"]
[SourceTitle "playchess.com"]
[Source "ChessBase"]
[SourceQuality "1"]
[TimeControl "5400+30"]

1. e4 c5 2. Nf3 Nc6 3. Bb5 Nf6 4. Nc3 Qc7 5. O-O Nd4 6. Re1 Ng4 7. g3 Nxf3+ 8. Qxf3 Ne5 9. Qd1 e6 10. Bf1 Be7 11. Bg2 O-O 12. d3 a6 13. Be3 Nc6 14. Ne2 b5 15. c3 Bb7 16. d4 d6 17. Nf4 Na5 18. b3 Rad8 19. Rc1 e5 20. Nd3 f5 21. exf5 Bxg2 22. Kxg2 c4 23. Nb4 Rxf5 24. Qc2 Qb7+ 25. Kg1 Rdf8 26. Rcd1 h5 27. dxe5 dxe5 28. Nd5 Bg5 29. Bc5 R8f7 30. h4 cxb3 31. axb3 Qc6 32. b4 Bxh4 33. gxh4 Qg6+ 34. Kh1 Qg4 35. Qe4 Qh3+ 36. Kg1 Nc6 37. Rd3 Rf3 38. Rxf3 Rxf3 39. Re3 Rxe3 40. Nxe3 Nd8 41. Qa8 Qxh4 42. Bb6 1-0

[Event "6th Karoun Masters Cup 2019"]
[Site "Ahvaz"]
[Date "2019.02.23"]
[Round "4.1"]
[White "Lorparizangeneh, Shahin"]
[Black "Gholami Orimi, Mahdi"]
[Result "1-0"]
[ECO "E10"]
[WhiteElo "2493"]
[BlackElo "2375"]
[Annotator "ChessBase"]
[PlyCount "111"]
[EventDate "2019.02.21"]
[EventType "swiss"]
[EventRounds "9"]
[EventCountry "IRI"]
[SourceTitle "playchess.com"]
[Source "ChessBase"]
[SourceQuality "1"]
[TimeControl "5400+30"]

1. d4 Nf6 2. c4 e6 3. Nf3 d5 4. g3 Bb4+ 5. Nc3 O-O 6. Bg2 c5 7. O-O cxd4 8. Nxd4 dxc4 9. Qa4 Bxc3 10. bxc3 e5 11. Nb5 a6 12. Ba3 Bd7 13. Rfd1 Qc8 14. Bxf8 Bxb5 15. Qa5 Nc6 16. Qa3 Qg4 17. Be7 Qxe2 18. Bxf6 gxf6 19. Qc5 Ba4 20. Re1 Qd3 21. Re3 Qd7 22. Qxc4 Bc2 23. Qe2 Bg6 24. Rd1 Qe6 25. h4 h6 26. Bd5 Qc8 27. Qc4 Kg7 28. Be4 Qg4 29. Rde1 Rc8 30. Qf1 Rc7 31. Bxg6 Qxg6 32. Qd3 Qxd3 33. Rxd3 Na7 34. a4 b5 35. Re4 h5 36. Kg2 Rc5 37. Rd7 Nc6 38. axb5 axb5 39. Re3 Kg6 40. Rc7 Rc4 41. Rd3 e4 42. Rd6 Ne5 43. Rxc4 bxc4 44. Kf1 Kg7 45. Ke2 f5 46. Ra6 f6 47. Ra7+ Kg6 48. Rc7 Kh6 49. Ke3 Ng4+ 50. Kf4 Nxf2 51. Rxc4 Kg6 52. Rd4 Nd3+ 53. Ke3 Ne5 54. c4 Kf7 55. c5 Ke6 56. Rd8 {[%emt 0:01:20] Kd5 Kxe4+} 1-0

[Event "6th Karoun Masters Cup 2019"]
[Site "Ahvaz"]
[Date "2019.02.23"]
[Round "4.2"]
[White "Abbasifar, Hasan"]
[Black "Mosadeghpour, Masoud"]
[Result "0-1"]
[ECO "A45"]
[WhiteElo "2401"]
[BlackElo "2531"]
[Annotator "ChessBase"]
[PlyCount "75"]
[EventDate "2019.02.21"]
[EventType "swiss"]
[EventRounds "9"]
[EventCountry "IRI"]
[SourceTitle "playchess.com"]
[Source "ChessBase"]
[SourceQuality "1"]
[TimeControl "5400+30"]

1. d4 Nf6 2. Bg5 Ne4 3. Bf4 d5 4. e3 c5 5. Bd3 Nc6 6. Bxe4 dxe4 7. d5 Nb4 8. Nc3 e6 9. d6 Qa5 10. Nge2 Nc6 11. Qd2 e5 12. Rd1 Bd7 13. Bg3 O-O-O 14. Nxe4 Qb4 15. N2c3 f5 16. a3 Qa5 17. Bh4 Re8 18. Ng3 g6 19. O-O h6 20. Be7 Bxe7 21. dxe7 Be6 22. Rb1 Rxe7 23. b4 cxb4 24. axb4 Rd8 25. Qe1 Nxb4 26. Ra1 Qc5 27. Na4 Qd6 28. Qe2 Qa6 29. Qf3 Qc6 30. e4 Nxc2 31. Rfc1 Rc7 32. Qe2 f4 33. Nf1 Kb8 34. h3 Qc4 35. Qxc4 Rxc4 36. Nb2 Nxa1 37. Nxc4 Nb3 38. Rc3 0-1

[Event "6th Karoun Masters Cup 2019"]
[Site "Ahvaz"]
[Date "2019.02.23"]
[Round "4.3"]
[White "Li, Bo"]
[Black "Bernadskiy, Vitaliy"]
[Result "1/2-1/2"]
[ECO "E62"]
[WhiteElo "2325"]
[BlackElo "2570"]
[Annotator "ChessBase"]
[PlyCount "119"]
[EventDate "2019.02.21"]
[EventType "swiss"]
[EventRounds "9"]
[EventCountry "IRI"]
[SourceTitle "playchess.com"]
[Source "ChessBase"]
[SourceQuality "1"]
[TimeControl "5400+30"]

1. d4 Nf6 2. c4 g6 3. Nc3 Bg7 4. g3 O-O 5. Bg2 d6 6. Nf3 c6 7. O-O Bf5 8. Qb3 Qc8 9. Bf4 Na6 10. Rac1 Re8 11. Rfd1 h6 12. Qa3 Nc7 13. b4 g5 14. Bd2 e5 15. d5 cxd5 16. Nxd5 Ncxd5 17. cxd5 Qd7 18. Qb3 Be4 19. Ne1 Bxg2 20. Nxg2 Qb5 21. Qc4 Qxc4 22. Rxc4 Nxd5 23. Be1 Nb6 24. Rc7 d5 25. Rxb7 d4 26. h4 Rec8 27. hxg5 hxg5 28. e3 Rc2 29. exd4 exd4 30. Bd2 Bf6 31. Ne1 Rxa2 32. Nf3 g4 33. Nh2 Rd8 34. Nxg4 Bg7 35. Bh6 Nc4 36. Rc7 Rc2 37. Bxg7 Kxg7 38. Ne5 Nb2 39. Rxd4 Rxd4 40. Rxc2 Rxb4 41. Rc7 Kf6 42. f4 a5 43. Rxf7+ Ke6 44. Ra7 a4 45. Kg2 Kd5 46. Kf3 Rb3+ 47. Kg4 a3 48. Ra5+ Ke4 49. f5 Nd1 50. Nc4 Nf2+ 51. Kh4 Rb8 52. Rxa3 Rb4 53. Ne3 Nd3 54. Rxd3 Kxd3+ 55. Ng4 Ke4 56. Kg5 Kf3 57. Ne5+ Kxg3 58. f6 Rf4 59. f7 Rxf7 60. Nxf7 1/2-1/2

[Event "6th Karoun Masters Cup 2019"]
[Site "Ahvaz"]
[Date "2019.02.23"]
[Round "4.4"]
[White "Kreisl, Robert"]
[Black "Khademi, Mohammad Miran"]
[Result "1/2-1/2"]
[ECO "B06"]
[WhiteElo "2424"]
[BlackElo "2298"]
[Annotator "NA"]
[PlyCount "29"]
[EventDate "2019.02.21"]
[EventType "swiss"]
[EventRounds "9"]
[EventCountry "IRI"]
[SourceTitle "playchess.com"]
[Source "ChessBase"]
[SourceQuality "1"]
[TimeControl "5400+30"]

1. d4 g6 2. e4 Bg7 3. c4 c5 4. Nf3 d6 5. Nc3 cxd4 6. Nxd4 Nc6 7. Be3 Nf6 8. Be2 h5 9. h3 O-O 10. O-O Nd7 11. Rc1 a5 12. Ndb5 Nc5 13. f4 b6 14. Qd2 Bb7 15. Bf3 1/2-1/2

[Event "6th Karoun Masters Cup 2019"]
[Site "Ahvaz"]
[Date "2019.02.23"]
[Round "4.5"]
[White "Babaniya, Benyamin"]
[Black "Grigoryan, Karen H."]
[Result "0-1"]
[ECO "B48"]
[WhiteElo "2184"]
[BlackElo "2590"]
[Annotator "ChessBase"]
[PlyCount "102"]
[EventDate "2019.02.21"]
[EventType "swiss"]
[EventRounds "9"]
[EventCountry "IRI"]
[SourceTitle "playchess.com"]
[Source "ChessBase"]
[SourceQuality "1"]
[TimeControl "5400+30"]

1. e4 c5 2. Nf3 Nc6 3. d4 cxd4 4. Nxd4 e6 5. Nc3 Qc7 6. Be3 Nf6 7. Qf3 a6 8. O-O-O Nxd4 9. Bxd4 Bd6 10. Kb1 e5 11. Be3 Bb4 12. Bh6 O-O 13. Bxg7 Kxg7 14. Qxf6+ Kxf6 15. Nd5+ Kg7 16. Nxc7 Rb8 17. Nd5 Bc5 18. f3 b5 19. g4 Bb7 20. Nc3 Rfd8 21. Bg2 b4 22. Nd5 d6 23. g5 Bxd5 24. Rxd5 h6 25. gxh6+ Kxh6 26. Bh3 Kg5 27. Bg4 Rh8 28. h3 a5 29. Rhd1 a4 30. R1d3 Kf4 31. Kc1 Rh6 32. Kd1 Rbh8 33. Ke2 Rxh3 34. Bxh3 Rxh3 35. a3 bxa3 36. bxa3 Rh2+ 37. Kd1 Rf2 38. Rc3 Rxf3 39. Rdd3 Rf2 40. Ke1 Rh2 41. Rf3+ Kxe4 42. Rxf7 Bd4 43. Rc6 Ke3 44. Kf1 Bc5 45. Rd7 Rxc2 46. Ra6 Rc1+ 47. Kg2 Rc4 48. Rd8 e4 49. Rda8 Kd2 50. Rxa4 Rxa4 51. Rxa4 e3 0-1

[Event "6th Karoun Masters Cup 2019"]
[Site "Ahvaz"]
[Date "2019.02.23"]
[Round "4.6"]
[White "Razaghi, Behrooz"]
[Black "Sibashvili, Giorgi"]
[Result "1/2-1/2"]
[ECO "C18"]
[WhiteElo "2156"]
[BlackElo "2420"]
[Annotator "NA"]
[PlyCount "77"]
[EventDate "2019.02.21"]
[EventType "swiss"]
[EventRounds "9"]
[EventCountry "IRI"]
[SourceTitle "playchess.com"]
[Source "ChessBase"]
[SourceQuality "1"]
[TimeControl "5400+30"]

1. e4 e6 2. d4 d5 3. Nc3 Bb4 4. e5 c5 5. a3 Bxc3+ 6. bxc3 Ne7 7. Qg4 Qc7 8. Qxg7 Rg8 9. Qxh7 cxd4 10. Qd3 Qxe5+ 11. Ne2 dxc3 12. Qxc3 Nbc6 13. Qxe5 Nxe5 14. Nd4 a6 15. Bb2 Nc4 16. Bxc4 dxc4 17. h4 e5 18. Ne2 f6 19. Rh2 Nd5 20. Rd1 Be6 21. Nc3 Nxc3 22. Bxc3 Kf7 23. f3 Rae8 24. Kf2 Bf5 25. Rd2 Rd8 26. Ke3 Rxd2 27. Kxd2 Rg3 28. Kc1 e4 29. Be1 Rg8 30. fxe4 Bxe4 31. g3 f5 32. h5 Kg7 33. Bd2 Kh7 34. Bf4 Rd8 35. Rd2 Rxd2 36. Kxd2 Bf3 37. h6 Be4 38. c3 Kg6 39. Ke3 1/2-1/2

[Event "6th Karoun Masters Cup 2019"]
[Site "Ahvaz"]
[Date "2019.02.27"]
[Round "9.1"]
[White "Grigoryan, Karen H."]
[Black "Bernadskiy, Vitaliy"]
[Result "1/2-1/2"]
[ECO "C15"]
[WhiteElo "2590"]
[BlackElo "2570"]
[Annotator "ChessBase"]
[PlyCount "52"]
[EventDate "2019.02.21"]
[EventType "swiss"]
[EventRounds "9"]
[EventCountry "IRI"]
[SourceTitle "playchess.com"]
[Source "ChessBase"]
[SourceQuality "1"]
[TimeControl "5400+30"]

1. e4 e6 2. d4 d5 3. Nc3 Bb4 4. Nge2 Nc6 5. a3 Ba5 6. b4 Bb6 7. e5 f6 8. b5 Nce7 9. Na4 Ba5+ 10. Bd2 Bxd2+ 11. Qxd2 fxe5 12. dxe5 Ng6 13. f4 Nxe5 14. fxe5 Qh4+ 15. g3 Qxa4 16. Nd4 Ne7 17. Bd3 O-O 18. Qb4 Qxb4+ 19. axb4 Bd7 20. Kd2 c6 21. bxc6 Nxc6 22. Nxc6 Bxc6 23. b5 Be8 24. Ra3 Bg6 25. Rha1 Bxd3 26. Kxd3 a6 {[%emt 0:04:20] Ke4} 1/2-1/2

[Event "6th Karoun Masters Cup 2019"]
[Site "Ahvaz"]
[Date "2019.02.27"]
[Round "9.2"]
[White "Danielyan, Vahe"]
[Black "Lomsadze, Davit"]
[Result "1-0"]
[ECO "B06"]
[WhiteElo "2186"]
[BlackElo "2286"]
[Annotator "NA"]
[PlyCount "47"]
[EventDate "2019.02.21"]
[EventType "swiss"]
[EventRounds "9"]
[EventCountry "IRI"]
[SourceTitle "playchess.com"]
[Source "ChessBase"]
[SourceQuality "1"]
[TimeControl "5400+30"]

1. e4 g6 2. d4 Bg7 3. Nc3 c6 4. Be3 d6 5. Qd2 b5 6. h4 h5 7. Nf3 Nf6 8. e5 Ng4 9. exd6 exd6 10. Bg5 f6 11. Bf4 O-O 12. Bd3 Re8+ 13. Ne2 Kh7 14. O-O Na6 15. Ng3 f5 16. Rae1 Rxe1 17. Rxe1 Nc7 18. a4 Bb7 19. axb5 cxb5 20. Ng5+ Kg8 21. Bxf5 gxf5 22. Nxf5 Qf6 23. Ne7+ Kh8 24. Qd3 1-0

[Event "6th Karoun Masters Cup 2019"]
[Site "Ahvaz"]
[Date "2019.02.27"]
[Round "9.3"]
[White "Lorparizangeneh, Shahin"]
[Black "Sibashvili, Giorgi"]
[Result "1-0"]
[ECO "E10"]
[WhiteElo "2493"]
[BlackElo "2420"]
[Annotator "ChessBase"]
[PlyCount "73"]
[EventDate "2019.02.21"]
[EventType "swiss"]
[EventRounds "9"]
[EventCountry "IRI"]
[SourceTitle "playchess.com"]
[Source "ChessBase"]
[SourceQuality "1"]
[TimeControl "5400+30"]

1. d4 Nf6 2. c4 e6 3. Nf3 d5 4. g3 Bb4+ 5. Bd2 Bd6 6. Nc3 c6 7. Bg5 Nbd7 8. Qd3 O-O 9. Bg2 b6 10. e4 Be7 11. cxd5 cxd5 12. e5 Ne8 13. Bxe7 Qxe7 14. O-O Nc7 15. Rfc1 Ba6 16. Qd2 Rfc8 17. h4 b5 18. Ne2 b4 19. Nf4 Nb6 20. b3 Bb5 21. Rc5 a5 22. Rac1 Qd7 23. Nh5 h6 24. Nf6+ gxf6 25. exf6 Ne8 26. Ne5 Qd8 27. Rxb5 Rxc1+ 28. Qxc1 Nxf6 29. Qxh6 Nbd7 30. Bf1 Nxe5 31. dxe5 Ne4 32. Bd3 Rb8 33. Bxe4 dxe4 34. Qg5+ Kf8 35. Rxb8 Qxb8 36. h5 Qb6 37. h6 1-0